Map: Apotheosis LE

Players

MaNa - Winner!

  • Race: Protoss Protoss

Has

  • Race: Protoss Protoss

Event: 2016 WCS Summer Circuit Championship (DH Montreal)

VOD

https://youtu.be/ekxPk4Qq2qE?t=31m22s

Description

Time

  • Played on: Aug. 12, 2016, 12:04 p.m.
  • Length: 8:16

All games in this series

Show
View Real Time Build Order
Export as new Build Order

MaNa Protoss - Winner!

Build Orders:  

Get SALT Encoding   

  12  0:00  Probe (Chrono Boost)  
  13  0:11  Probe (Chrono Boost)  
  14  0:17  Pylon  
  14  0:22  Probe (Chrono Boost)  
  16  0:36  Probe (Chrono Boost)  
  16  0:38  Gateway  
  16  0:42  Assimilator  
  16  0:46  Probe (Chrono Boost)  
  17  0:57  Probe (Chrono Boost)  
  18  0:58  Assimilator  
  18  1:05  Gateway  
  18  1:08  Probe (Chrono Boost)  
  20  1:18  Probe (Chrono Boost)  
  20  1:25  Cybernetics Core  
  20  1:29  Probe (Chrono Boost)  
  20  1:31  Pylon  
  21  1:39  Probe (Chrono Boost)  
  22  1:50  Probe (Chrono Boost)  
  23  1:55  Warp Gate  
  23  2:02  Adept x2, Mothership Core (Chrono Boost)  
  29  2:12  Pylon  
  29  2:32  Stalker x2  
  33  2:56  Nexus  
  33  3:06  Sentry x2  
  37  3:24  Probe (Chrono Boost)  
  38  3:30  Robotics Facility  
  38  3:38  Pylon  
  38  3:47  Probe (Chrono Boost)  
  39  3:54  Stalker  
  39  3:59  Probe (Chrono Boost)  
  39  4:00  Twilight Council  
  38  4:04  Adept  
  39  4:10  Probe (Chrono Boost)  
  39  4:13  Probe (Chrono Boost)  
  41  4:19  Observer  
  41  4:21  Blink, Probe (Chrono Boost)  
  41  4:23  Probe (Chrono Boost)  
  45  4:32  Probe (Chrono Boost)  
  45  4:34  Probe (Chrono Boost)  
  46  4:44  Probe x2 (Chrono Boost)  
  48  4:45  Pylon  
  48  4:50  Stalker  
  50  4:55  Probe (Chrono Boost)  
  50  4:56  Probe (Chrono Boost)  
  50  4:58  Stalker  
  54  5:06  Probe (Chrono Boost)  
  56  5:08  Probe (Chrono Boost), Pylon  
  54  5:18  Probe (Chrono Boost)  
  54  5:20  Probe (Chrono Boost)  
  55  5:29  Probe (Chrono Boost), Gateway  
  55  5:31  Warp Prism  
  55  5:33  Gateway  
  55  5:34  Sentry  
  55  5:35  Sentry  
  62  5:38  Probe (Chrono Boost)  
  63  5:43  Gateway  
  62  5:50  Gateway  
  62  5:55  Probe (Chrono Boost)  
  62  5:56  Probe (Chrono Boost)  
  64  5:59  Pylon  
  64  6:02  Stalker  
  64  6:03  Stalker  
  68  6:26  Probe (Chrono Boost)  
  68  6:27  Probe (Chrono Boost)  
  68  6:29  Assimilator  
  68  6:31  Stalker x4  
  77  6:38  Pylon x2  
  77  7:12  Stalker x5  
  71  7:17  Stalker  
  71  7:18  Stalker x2  
  71  7:19  Stalker x3  
  81  7:32  Probe (Chrono Boost)  
  81  7:33  Probe (Chrono Boost)  
  81  7:40  Nexus  
  75  7:48  Stalker x4  
  75  7:49  Stalker x2  
  85  8:00  Pylon  
Show
View Real Time Build Order
Export as new Build Order

Has Protoss 

Build Orders: Phoenix Opening 

Get SALT Encoding   

  12  0:01  Probe (Chrono Boost)  
  13  0:11  Probe (Chrono Boost)  
  14  0:18  Pylon  
  14  0:22  Probe (Chrono Boost)  
  15  0:36  Probe (Chrono Boost)  
  15  0:37  Gateway  
  16  0:47  Probe (Chrono Boost)  
  16  0:48  Assimilator  
  17  0:57  Probe (Chrono Boost)  
  17  0:59  Assimilator  
  18  1:04  Gateway  
  18  1:08  Probe (Chrono Boost)  
  19  1:18  Probe (Chrono Boost)  
  19  1:24  Cybernetics Core  
  20  1:29  Probe (Chrono Boost)  
  21  1:37  Pylon  
  22  1:40  Probe (Chrono Boost)  
  22  1:48  Warp Gate  
  22  1:50  Probe (Chrono Boost)  
  23  2:00  Adept x2  
  29  2:16  Pylon  
  29  2:18  Stargate  
  27  2:29  Pylon  
  29  2:40  Mothership Core (Chrono Boost)  
  29  2:41  Stalker  
  31  2:47  Stalker  
  33  3:09  Nexus  
  34  3:13  Probe (Chrono Boost)  
  32  3:22  Phoenix  
  33  3:29  Probe (Chrono Boost)  
  32  3:41  Probe (Chrono Boost)  
  31  3:49  Phoenix  
  31  3:51  Probe (Chrono Boost)  
  32  4:02  Probe (Chrono Boost)  
  32  4:13  Probe (Chrono Boost)  
  32  4:16  Phoenix  
  33  4:21  Probe (Chrono Boost)  
  33  4:23  Probe (Chrono Boost)  
  35  4:28  Sentry x2  
  40  4:31  Probe (Chrono Boost)  
  40  4:34  Probe (Chrono Boost)  
  41  4:38  Pylon  
  41  4:45  Probe (Chrono Boost)  
  43  4:52  Robotics Facility  
  42  4:55  Probe (Chrono Boost)  
  42  4:58  Probe (Chrono Boost)  
  44  5:06  Probe (Chrono Boost)  
  45  5:08  Probe (Chrono Boost)  
  46  5:18  Probe (Chrono Boost)  
  46  5:19  Probe (Chrono Boost)  
  48  5:27  Void Ray  
  48  5:28  Probe (Chrono Boost)  
  49  5:31  Probe (Chrono Boost)  
  54  5:36  Pylon  
  54  5:39  Probe (Chrono Boost)  
  56  5:43  Probe (Chrono Boost)  
  56  5:45  Immortal  
  56  5:55  Probe (Chrono Boost)  
  56  5:56  Pylon  
  62  5:58  Twilight Council  
  62  5:59  Probe (Chrono Boost)  
  62  6:07  Probe (Chrono Boost)  
  63  6:13  Void Ray  
  67  6:18  Pylon  
  67  6:22  Assimilator  
  67  6:27  Immortal  
  67  6:29  Pylon  
  67  6:31  Pylon  
  71  6:37  Pylon  
  71  6:40  Pylon  
  71  6:50  Probe (Chrono Boost)  
  71  6:51  Probe (Chrono Boost)  
  73  6:55  Assimilator  
  73  7:00  Stalker x2  
  58  7:16  Probe (Chrono Boost)  
  58  7:17  Probe (Chrono Boost), Immortal  
  60  7:28  Probe x2 (Chrono Boost)  
  53  7:33  Adept x2  
  54  7:38  Probe (Chrono Boost)  
  54  7:40  Probe (Chrono Boost)  
  48  7:53  Probe (Chrono Boost)  
  51  8:00  Probe (Chrono Boost)  
Tags
 
Add a new tag
Caveats
  • Supply blocks, unpowered buildings, or Contaminate may cause inaccurate times.
  • Supply counts are checked every 10 seconds.